 Dungeon Crawl Stone Soup version 0.24-a0-584-g9d6b971ae4 (webtiles) character file.

Game seed: 17328403535040027761, levelgen mode: deterministic

123167 Ijustatesigmund the Blocker (level 16, -1/129 HPs)
             Began as a Gnoll Fighter on Aug 29, 2019.
             Was the Champion of Okawaru.
             Succumbed to a green very ugly thing's poison
             ... on level 2 of the Depths on Aug 30, 2019.
             The game lasted 01:20:58 (30580 turns).

Ijustatesigmund the Blocker (Gnoll Fighter)        Turns: 30580, Time: 01:20:59

Health: -1/129     AC: 26    Str: 18    XL:     16   Next: 89%
Magic:  30/30      EV: 23    Int: 14    God:    Okawaru [******]
Gold:   1296       SH:  0    Dex: 24    Spells: 30/36 levels left

rFire    + . .     SeeInvis +   a - +8 demon whip (elec)
rCold    + . .     Gourm    .   Y - +3 buckler of the Worm {MR+ rCorr}
rNeg     + + .     Faith    .   j - +4 pearl dragon scales
rPois    .         Spirit   .   H - +1 helmet {SInv}
rElec    .         Reflect  .   (no cloak)
rCorr    +         Harm     .   P - +1 pair of gloves {archery}
MR       ++...                  x - +0 pair of boots {run}
Stlth    +.........             (no amulet)
HPRegen  0.31/turn              y - ring of protection from fire
MPRegen  0.22/turn              c - ring of Yesterday {rC+ rN+ rCorr}

@: confused, agile, lethally poisoned (-1 -> -120), hasted, very quick
A: distributed training, fangs 1, wild magic 2, strong nose
a: Heroism, Finesse, Renounce Religion


You were on level 2 of the Depths.
You worshipped Okawaru.
Okawaru was exalted by your worship.
You were not hungry.

You visited 5 branches of the dungeon, and saw 26 of its levels.
You also visited: Gauntlet.

You collected 2852 gold pieces.
You spent 1556 gold pieces at shops.

Inventory:

Hand Weapons
 a - a +8 demon whip of electrocution (weapon)
 n - a +0 hunting sling
 C - the +9 mace of the Jester {drain, rPois rF+ rC+ Dex-4}
   (You found it on level 8 of the Dungeon)

   A truly terrible weapon, it drains the life of those it strikes.
   It affects your dexterity (-4).
   It protects you from fire.
   It protects you from cold.
   It protects you from poison.
Missiles
 l - 448 sling bullets
 O - 13 silver javelins (quivered)
Armour
 j - +4 pearl dragon scales (worn)
 x - a +0 pair of boots of running (worn)
 z - a +1 pair of gloves of strength
 H - a +1 helmet of see invisible (worn)
 J - a +1 helmet of intelligence
 P - a +1 pair of gloves of archery (worn)
 Y - the +3 buckler of the Worm (worn) {MR+ rCorr}
   (You found it on level 6 of the Lair of Beasts)

   It affects your resistance to hostile enchantments.
   It provides partial protection from all sources of acid and corrosion.
Jewellery
 c - the ring of Yesterday (right hand) {rC+ rN+ rCorr}
   (You took it off a rakshasa on level 14 of the Dungeon)

   [ring of resist corrosion]

   It protects you from cold.
   It protects you from negative energy.
   It provides partial protection from all sources of acid and corrosion.
 d - an uncursed amulet of the gourmand
 y - a ring of protection from fire (left hand)
 B - an uncursed ring of resist corrosion
 G - an uncursed ring of wizardry
 M - an uncursed ring of poison resistance
Wands
 o - a wand of flame (43)
 u - a wand of iceblast (2)
 A - a wand of random effects (75)
 D - a wand of polymorph (40)
 E - a wand of acid (10)
 Q - a wand of enslavement (6)
 R - a wand of paralysis (30)
Scrolls
 b - 4 scrolls of fog
 h - 5 scrolls of fear
 p - 6 scrolls of immolation
 q - 15 scrolls of remove curse
 r - a scroll of summoning
 F - 4 scrolls of identify
 N - 2 scrolls of magic mapping
 U - a scroll of holy word
 V - 2 scrolls of amnesia
Potions
 e - 5 potions of agility
 k - 3 potions of flight
 m - 4 potions of magic
 v - 6 potions of lignification
 I - 2 potions of haste
 K - a potion of berserk rage
 L - 2 potions of mutation
 S - 2 potions of cancellation
 T - a potion of brilliance
Miscellaneous
 w - a phantom mirror
Comestibles
 f - 24 rations


   Skills:
 + Level 12.5 Fighting
 + Level 10.9 Short Blades
 + Level 10.9 Long Blades
 + Level 10.9 Axes
 + Level 11.7 Maces & Flails
 + Level 10.9 Polearms
 + Level 10.9 Staves
 + Level 10.9 Slings
 + Level 10.9 Bows
 + Level 10.9 Crossbows
 + Level 10.9 Throwing
 + Level 12.5 Armour
 + Level 10.9 Dodging
 + Level 10.9 Stealth
 + Level 12.5 Shields
 + Level 10.9 Unarmed Combat
 + Level 10.9 Spellcasting
 + Level 9.3 Conjurations
 + Level 9.3 Hexes
 + Level 9.3 Charms
 + Level 9.3 Summonings
 + Level 9.3 Necromancy
 + Level 9.3 Translocations
 + Level 9.3 Transmutations
 + Level 9.3 Fire Magic
 + Level 9.3 Ice Magic
 + Level 9.3 Air Magic
 + Level 9.3 Earth Magic
 + Level 9.3 Poison Magic
 + Level 11.8 Invocations
 + Level 10.9 Evocations


You had 30 spell levels left.
You knew the following spells:

 Your Spells              Type           Power        Failure   Level  Hunger
a - Song of Slaying       Chrm           ######..     3%          2    None
b - Passwall              Tmut/Erth      ######..     3%          2    None
c - Swiftness             Chrm/Air       ######..     3%          2    None

Your spell library contained the following spells:

 Spells                   Type           Power        Failure   Level  Hunger
 Corona                   Hex            ######.      2%          1    None
 Infusion                 Chrm           ####         2%          1    None
 Summon Small Mammal      Summ           ####         2%          1    None
 Call Imp                 Summ           ######..     3%          2    None
 Poisonous Vapours        Pois/Air       ######       3%          2    None
 Shroud of Golubria       Chrm/Tloc      ######       3%          2    None
 Slow                     Hex            ######..     3%          2    None
 Sublimation of Blood     Necr           ######....   3%          2    None
 Call Canine Familiar     Summ           ######..     6%          3    None
 Ignite Poison            Fire/Tmut/Pois ######..     6%          3    None
 Inner Flame              Hex/Fire       ######..     6%          3    None
 Portal Projectile        Hex/Tloc       ######       6%          3    None
 Regeneration             Chrm/Necr      ######....   6%          3    None
 Spectral Weapon          Hex/Chrm       ######..     6%          3    None
 Summon Guardian Golem    Hex/Summ       ######..     6%          3    None
 Cause Fear               Hex            ######....   14%         4    ###....
 Force Lance              Conj/Tloc      ######..     14%         4    ###....
 Leda's Liquefaction      Hex/Erth       ######....   14%         4    ###....
 Passage of Golubria      Tloc           N/A          14%         4    ###....
 Petrify                  Tmut/Erth      ######..     14%         4    ###....
 Summon Ice Beast         Ice/Summ       ######..     14%         4    ###....
 Summon Lightning Spire   Summ/Air       ######..     14%         4    ###....
 Alistair's Intoxication  Tmut/Pois      ######..     30%         5    #####..
 Irradiate                Conj/Tmut      ######....   30%         5    #####..
 Lee's Rapid Deconstruct  Erth           ######....   30%         5    #####..
 Darkness                 Hex            ######....   80%         6    ######.
 Invisibility             Hex            ######..     80%         6    ######.
 Disjunction              Tloc           ######....   100%        8    #######


Dungeon Overview and Level Annotations

Branches:
Dungeon (15/15)            Temple (1/1) D:6            Lair (6/6) D:8
  Swamp (0/4) Lair:2        Snake (0/4) Lair:4        Slime (0/5) Lair:6
    Orc (2/2) D:11            Elf (0/3) Orc:2        Vaults (0/5) D:13
 Depths (2/5) D:15        Gauntlet (visited)

Altars:
Ashenzari
Cheibriados
Dithmenos
Elyvilon
Fedhas
Gozag
Hepliaklqana
Kikubaaqudgha
Makhleb
Nemelex Xobeh
Okawaru
Qazlal
Ru
Sif Muna
Trog
Uskayaw
Vehumet
Xom
Yredelemnul
Zin
The Shining One
Jiyva

Shops:
D:6 (   D:15 [   Orc:2 }[%?

Portals:
Hell: Lair:6
Trove: D:14 (give 17 potions of curing)

Annotations:
D:14 1 runed translucent door
D:15 1 runed translucent door, Bucea's ghost, adept MiBe
Lair:5 3 runed translucent doors, TheNamelessOne's ghost, journeyman OpWn


Innate Abilities, Weirdness & Mutations

Your experience applies equally to all skills.
You have very sharp teeth.
Your uncanny sense of smell can sniff out nearby items.
Your spells are harder to cast, but more powerful.


Message History

You bump into the rock wall.
* * * LOW HITPOINT WARNING * * *
You feel extremely sick.
The slime creature hits you but does no damage.
The slime creature completely misses you.
You hit the green very ugly thing. You bite the green very ugly thing.
The green very ugly thing is moderately wounded.
* * * LOW HITPOINT WARNING * * *
You feel very sick.
The rakshasa blinks!
The stone giant hits you but does no damage.
The green very ugly thing completely misses you.
You're too confused to move!
* * * LOW HITPOINT WARNING * * *
You feel very sick.
The green very ugly thing basks in the mutagenic energy from its kin and changes!
The slime creature completely misses you.
The slime creature hits you but does no damage.
You bump into the rock wall.
You die...

#.CJ.J# .
#J.u..#..
##R..y....
###.u..ā‰ˆEā‰ˆā‰ˆ.
#..QuJ......
##Juu####.#. #*Qu#
#.yC## ##.yu@##
#...JJ(# #...(.##
#...### ####


You could see 5 very ugly things, a stone giant, a red ugly thing, a rakshasa, 2
spark wasps, 4 slime creatures, 2 tengu conjurers and a battlesphere.

Vanquished Creatures
  A lich (D:14)
  Gastronok (Lair:3)
  Kirke (Lair:4)
  2 tengu reavers (D:14)
  2 fire giants (D:15)
  2 stone giants
  2 very ugly things
  A minotaur (Gauntlet)
  2 dire elephants
  The ghost of Puash the Cleaver, a journeyman HOFi of Beogh (D:14)
  Snorg (D:11)
  A merfolk impaler (Depths:1)
  A great orb of eyes (Depths:1)
  4 yaktaur captains
  A fire dragon (Depths:2)
  Erolcha (D:13)
  2 vault guards
  The ghost of voshxx the Thaumaturge, a journeyman DEFE of Sif Muna (Lair:2)
  A rakshasa (D:14)
  7 hydras
  2 death knights
  An ice dragon (Depths:2)
  A catoblepas (Lair:4)
  5 centaur warriors
  A spriggan air mage (Depths:2)
  4 two-headed ogres
  7 tengu warriors
  3 death yaks (Lair:6)
  A sixfirhy (Lair:6)
  Sonja (Orc:1)
  3 hell knights
  5 skeletal warriors
  A flayed ghost (D:15)
  3 wizards
  An obsidian statue (Gauntlet)
  3 phantasmal warriors
  An orange crystal statue (D:12)
  4 orc knights
  A deep elf archer (D:15)
  3 necromancers
  3 deep elf magi (D:13)
  6 ugly things
  A wolf spider (D:15)
  4 oklob plants (Lair:6)
  2 manticores
  9 elephants (Lair:4)
  2 cyclopes
  Joseph (D:11)
  2 black mambas (Lair:5)
  2 molten gargoyles (Lair:3)
  2 orange demons (Lair:6)
  An ice statue (D:12)
  5 centaur skeletons
  12 spiny frogs
  A kobold demonologist (D:12)
  4 rime drakes
  7 komodo dragons
  A yaktaur (D:15)
  An efreet (Gauntlet)
  4 freezing wraiths
  A redback zombie (D:15)
  A red devil (Lair:6)
  3 ice devils (Lair:6)
  7 trolls
  A polar bear (Lair:2)
  A wolf spider simulacrum (D:14)
  5 hornets
  16 blink frogs
  16 hippogriffs
  21 slime creatures
  5 dream sheep (Lair:6)
  2 centaur simulacra
  2 wraiths
  A wyvern (D:9)
  38 yaks
  A shadow (D:15)
  3 water elementals
  4 basilisks
  3 fire elementals (Gauntlet)
  3 hogs (Lair:4)
  A basilisk (shapeshifter) (D:14)
  A steam dragon (D:10)
  5 vampire mosquitoes
  2 hungry ghosts
  A naga (Lair:4)
  Menkaure (D:6)
  An acid dragon (D:12)
  14 water moccasins
  7 wargs
  A soldier ant (D:12)
  6 hell hounds
  3 ice beasts
  3 porcupines
  An eye of draining (D:11)
  5 sky beasts
  A black bear (D:13)
  2 phantoms
  35 orc warriors
  26 centaurs
  2 necrophages
  4 wolves (Lair:4)
  11 ogres
  21 crocodiles
  2 gnoll sergeants
  16 bullfrogs
  5 scorpions
  9 killer bees (D:8)
  4 howler monkeys
  5 lava snakes (Lair:3)
  2 bullfrog zombies (D:8)
  3 crimson imps
  2 hounds
  4 jellies
  A bullfrog skeleton (D:10)
  7 orc priests
  6 iguanas
  19 orc wizards
  5 worker ants
  2 killer bee zombies
  A hound zombie (D:11)
  7 gnolls
  9 adders
  5 shadow imps
  An ooze (D:2)
  An adder skeleton (D:8)
  2 worms
  2 dart slugs (D:2)
  3 leopard geckos
  76 orcs
  2 giant cockroaches
  5 goblins
  9 hobgoblins
  7 jackals
  8 kobolds
  2 quokkas
  7 ball pythons
  10 bats
  2 frilled lizards
  A jackal zombie (D:6)
  5 rats
  A fungus (Lair:3)
702 creatures vanquished.

Vanquished Creatures (collateral kills)
  An ogre mage (Depths:1)
  A necromancer (Depths:1)
  2 ogres (Depths:1)
4 creatures vanquished.

Vanquished Creatures (others)
  An ice dragon (Depths:1)
  2 hell knights (Depths:1)
  A centaur zombie (D:11)
  A slime creature (Depths:2)
  2 humans (Lair:4)
  8 fungi
  8 plants
23 creatures vanquished.

Grand Total: 729 creatures vanquished

Notes
Turn   | Place    | Note
-------+----------+-------------------------------------------
     0 | D:1      | Ijustatesigmund the Gnoll Fighter began the quest for the
                  | Orb.
     0 | D:1      | Reached XP level 1. HP: 23/23 MP: 1/1
   158 | D:1      | Reached XP level 2. HP: 21/29 MP: 2/2
   680 | D:2      | Reached XP level 3. HP: 35/35 MP: 3/3
   710 | D:2      | Reached skill level 1 in Invocations
   731 | D:2      | Reached skill level 1 in Short Blades
   731 | D:2      | Reached skill level 1 in Long Blades
   731 | D:2      | Reached skill level 1 in Axes
   731 | D:2      | Reached skill level 1 in Polearms
   731 | D:2      | Reached skill level 1 in Staves
   731 | D:2      | Reached skill level 1 in Slings
   731 | D:2      | Reached skill level 1 in Bows
   731 | D:2      | Reached skill level 1 in Crossbows
   731 | D:2      | Reached skill level 1 in Throwing
   731 | D:2      | Reached skill level 1 in Dodging
   731 | D:2      | Reached skill level 1 in Stealth
   731 | D:2      | Reached skill level 1 in Unarmed Combat
   731 | D:2      | Reached skill level 1 in Spellcasting
   731 | D:2      | Reached skill level 1 in Evocations
   759 | D:2      | Reached XP level 4. HP: 34/41 MP: 5/5
   826 | D:2      | Found a glowing golden altar of the Shining One.
  1420 | D:3      | Reached skill level 1 in Conjurations
  1420 | D:3      | Reached skill level 1 in Hexes
  1420 | D:3      | Reached skill level 1 in Charms
  1420 | D:3      | Reached skill level 1 in Summonings
  1420 | D:3      | Reached skill level 1 in Necromancy
  1420 | D:3      | Reached skill level 1 in Translocations
  1420 | D:3      | Reached skill level 1 in Transmutations
  1420 | D:3      | Reached skill level 1 in Fire Magic
  1420 | D:3      | Reached skill level 1 in Ice Magic
  1420 | D:3      | Reached skill level 1 in Air Magic
  1420 | D:3      | Reached skill level 1 in Earth Magic
  1420 | D:3      | Reached skill level 1 in Poison Magic
  1543 | D:3      | Found a shimmering altar of Xom.
  1546 | D:3      | Reached XP level 5. HP: 47/47 MP: 6/6
  1914 | D:4      | Noticed an ogre
  1931 | D:4      | Killed an ogre
  1931 | D:4      | Reached XP level 6. HP: 20/53 MP: 8/8
  2265 | D:4      | Gained mutation: Your spells are a little harder to cast,
                  | but a little more powerful. [potion of mutation]
  2265 | D:4      | Gained mutation: Your spells are harder to cast, but more
                  | powerful. [potion of mutation]
  2358 | D:4      | Found a hide-covered altar of Uskayaw.
  2458 | D:5      | Entered Level 5 of the Dungeon
  2515 | D:5      | Reached skill level 5 in Maces & Flails
  2596 | D:5      | Noticed a sky beast
  2618 | D:5      | Killed a sky beast
  2618 | D:5      | Reached XP level 7. HP: 45/59 MP: 10/10
  2645 | D:5      | Got a bone falchion
  2646 | D:5      | Identified the cursed +1 falchion "Aubergine" {flame, rF+
                  | MR+ Int+2} (You found it on level 5 of the Dungeon)
  2942 | D:6      | Noticed Menkaure
  2952 | D:6      | Killed Menkaure
  3216 | D:6      | Found Hogrucupn's Weapon Emporium.
  3227 | D:6      | Bought a +1 flail of protection for 123 gold pieces
  3399 | D:6      | Found a staircase to the Ecumenical Temple.
  3408 | Temple   | Entered the Ecumenical Temple
  3448 | Temple   | Became a worshipper of Warmaster Okawaru
  3793 | D:7      | Reached XP level 8. HP: 67/67 MP: 12/12
  3830 | D:7      | Reached * piety under Okawaru
  4170 | D:7      | Noticed a hippogriff
  4192 | D:7      | Killed a hippogriff
  4192 | D:7      | Reached XP level 9. HP: 30/72 MP: 14/14
  4198 | D:7      | Reached ** piety under Okawaru
  4686 | D:7      | Found an opulent altar of Gozag.
  5054 | D:8      | Noticed a two-headed ogre
  5069 | D:8      | Killed a two-headed ogre
  5617 | D:8      | Reached skill level 5 in Invocations
  5795 | D:8      | Found a staircase to the Lair.
  5828 | D:8      | Got a bloodstained mace
  5829 | D:8      | Identified the +9 mace of the Jester {drain, rPois rF+ rC+
                  | Dex-4} (You found it on level 8 of the Dungeon)
  5851 | D:8      | Reached *** piety under Okawaru
  5855 | D:8      | Reached XP level 10. HP: 60/80 MP: 15/17
  6497 | D:8      | Reached skill level 5 in Short Blades
  6497 | D:8      | Reached skill level 5 in Long Blades
  6497 | D:8      | Reached skill level 5 in Axes
  6497 | D:8      | Reached skill level 5 in Polearms
  6497 | D:8      | Reached skill level 5 in Staves
  6497 | D:8      | Reached skill level 5 in Slings
  6497 | D:8      | Reached skill level 5 in Bows
  6497 | D:8      | Reached skill level 5 in Crossbows
  6497 | D:8      | Reached skill level 5 in Throwing
  6497 | D:8      | Reached skill level 5 in Dodging
  6497 | D:8      | Reached skill level 5 in Stealth
  6497 | D:8      | Reached skill level 5 in Unarmed Combat
  6497 | D:8      | Reached skill level 5 in Spellcasting
  6497 | D:8      | Reached skill level 5 in Evocations
  6820 | D:9      | Noticed a white ugly thing
  6837 | D:9      | Killed a white ugly thing
  6837 | D:9      | Received a gift from Okawaru
  6837 | D:9      | Reached **** piety under Okawaru
  7814 | D:10     | Entered Level 10 of the Dungeon
  7871 | D:10     | Received a gift from Okawaru
  8075 | D:10     | Reached XP level 11. HP: 33/87 MP: 19/19
  8505 | D:10     | Learned a level 2 spell: Song of Slaying
  8748 | D:11     | Reached ***** piety under Okawaru
  9166 | D:11     | Noticed Snorg
  9184 | D:11     | Killed Snorg
  9184 | D:11     | Received a gift from Okawaru
  9184 | D:11     | Reached skill level 5 in Conjurations
  9184 | D:11     | Reached skill level 5 in Hexes
  9184 | D:11     | Reached skill level 5 in Charms
  9184 | D:11     | Reached skill level 5 in Summonings
  9184 | D:11     | Reached skill level 5 in Necromancy
  9184 | D:11     | Reached skill level 5 in Translocations
  9184 | D:11     | Reached skill level 5 in Transmutations
  9184 | D:11     | Reached skill level 5 in Fire Magic
  9184 | D:11     | Reached skill level 5 in Ice Magic
  9184 | D:11     | Reached skill level 5 in Air Magic
  9184 | D:11     | Reached skill level 5 in Earth Magic
  9184 | D:11     | Reached skill level 5 in Poison Magic
  9447 | D:11     | Noticed Joseph
  9469 | D:11     | Killed Joseph
  9627 | D:11     | Noticed a brown ugly thing
  9816 | D:11     | Killed a brown ugly thing
  9821 | D:11     | Found a staircase to the Orcish Mines.
 10425 | D:12     | Found a gate leading to a gauntlet.
 10441 | Gauntlet | Entered a Gauntlet
 10441 | Gauntlet | Found a transporter.
 10441 | Gauntlet | Found a transporter.
 10462 | Gauntlet | Found a transporter.
 10464 | Gauntlet | Found a transporter.
 10474 | Gauntlet | Found a transporter.
 10475 | Gauntlet | Noticed an obsidian statue
 10478 | Gauntlet | Found a transporter.
 10480 | Gauntlet | Found a large runed translucent door.
 10481 | Gauntlet | Found a large runed translucent door.
 10482 | Gauntlet | Found a large runed translucent door.
 10482 | Gauntlet | Found a large runed translucent door.
 10482 | Gauntlet | Found a runed translucent door.
 10482 | Gauntlet | Found a runed translucent door.
 10483 | Gauntlet | Found a large runed translucent door.
 10484 | Gauntlet | Found a large runed translucent door.
 10485 | Gauntlet | Found a large runed translucent door.
 10485 | Gauntlet | Found a large runed translucent door.
 10486 | Gauntlet | Found a runed translucent gate.
 10486 | Gauntlet | Found a runed translucent gate.
 10486 | Gauntlet | Found a runed translucent gate.
 10488 | Gauntlet | Found a transporter.
 10498 | Gauntlet | Found a large runed translucent door.
 10498 | Gauntlet | Found a large runed translucent door.
 10499 | Gauntlet | Found a large runed translucent door.
 10500 | Gauntlet | Found a large runed translucent door.
 10510 | Gauntlet | Found a transporter.
 10510 | Gauntlet | Noticed a dire elephant
 10528 | Gauntlet | Found a transporter.
 10532 | Gauntlet | Found a transporter.
 10536 | Gauntlet | Noticed a death ooze
 10542 | Gauntlet | Found a transporter.
 10546 | Gauntlet | Found a transporter.
 10649 | Gauntlet | Killed an obsidian statue
 10649 | Gauntlet | Received a gift from Okawaru
 10650 | Gauntlet | Found a large runed translucent door.
 10651 | Gauntlet | Found a large runed translucent door.
 10662 | Gauntlet | Found a large runed translucent door.
 10662 | Gauntlet | Found a large runed translucent door.
 10724 | Gauntlet | Received a gift from Okawaru
 10729 | Gauntlet | Got a smoking robe {god gift}
 10945 | Gauntlet | Identified the +0 robe of the Peasants {-Tele Str+2 Int+6
                  | Dex+4} (Okawaru gifted it to you in a Gauntlet)
 10967 | Gauntlet | Identified the +5 war axe of Gyige {venom, *Slow Str+5}
 10967 | Gauntlet | Noticed a minotaur
 10998 | Gauntlet | Killed a minotaur
 11020 | Gauntlet | Identified Plog's Guide on the Virous Compass
 11355 | D:12     | Noticed a death knight
 11579 | D:12     | Noticed an eight-headed hydra
 11590 | D:12     | Killed an eight-headed hydra
 11590 | D:12     | Reached XP level 12. HP: 64/96 MP: 22/22
 12881 | D:12     | Killed a death knight
 13477 | D:12     | Noticed a six-headed hydra
 14169 | D:13     | Noticed a tengu warrior
 14242 | D:12     | Reached skill level 10 in Fighting
 14242 | D:12     | Reached skill level 10 in Armour
 14242 | D:12     | Reached skill level 10 in Shields
 14462 | D:13     | Noticed Erolcha
 14483 | D:13     | Reached ****** piety under Okawaru
 14485 | D:13     | Noticed a centaur warrior
 14489 | D:13     | Received a gift from Okawaru
 14489 | D:13     | Reached XP level 13. HP: 73/103 MP: 24/24
 14505 | D:13     | Killed Erolcha
 14505 | D:13     | Received a gift from Okawaru
 15604 | D:13     | Learned a level 2 spell: Passwall
 16322 | D:13     | Noticed a vault guard
 16343 | D:13     | Killed a vault guard
 16360 | D:13     | Found a gate to the Vaults.
 16532 | D:14     | Noticed a lich
 16532 | D:14     | Noticed Puash's ghost (journeyman HOFi)
 16533 | D:14     | Noticed a rakshasa
 16533 | D:14     | Noticed a tengu reaver
 16533 | D:14     | Noticed a tengu reaver
 16683 | D:14     | Found a runed translucent door.
 16690 | D:14     | Found a runed translucent door.
 16690 | D:14     | Identified the ring of Yesterday {rC+ rN+ rCorr}
 16873 | D:14     | Received a gift from Okawaru
 16993 | D:14     | Noticed a vault guard
 17003 | D:14     | Killed a vault guard
 17007 | D:14     | Found a portal to a secret trove of treasure.
 17490 | Lair:1   | Entered Level 1 of the Lair of Beasts
 18180 | Lair:1   | Reached XP level 14. HP: 110/111 MP: 26/26
 18642 | Lair:2   | Found a staircase to the Swamp.
 18720 | Lair:2   | Learned a level 2 spell: Swiftness
 18824 | Lair:2   | Found a large runed translucent door.
 18825 | Lair:2   | Found a large runed translucent door.
 19203 | Lair:2   | Noticed voshxx's ghost (journeyman DEFE)
 19580 | Lair:3   | Reached skill level 10 in Maces & Flails
 20195 | Lair:3   | You fall into a shaft and drop 2 floors!
 20210 | Lair:5   | Received a gift from Okawaru
 20820 | Lair:5   | Noticed TheNamelessOne's ghost (journeyman OpWn)
 20821 | Lair:5   | Found a runed translucent gate.
 20822 | Lair:5   | Found a runed translucent gate.
 20822 | Lair:5   | Found a runed translucent gate.
 21217 | Lair:4   | Received a gift from Okawaru
 21490 | Lair:4   | Received a gift from Okawaru
 21490 | Lair:4   | Reached skill level 10 in Invocations
 21510 | Lair:4   | Noticed Kirke
 21559 | Lair:4   | Found a staircase to the Snake Pit.
 21736 | Lair:4   | Received a gift from Okawaru
 21956 | Lair:4   | Killed Kirke
 21956 | Lair:4   | Received a gift from Okawaru
 21973 | Lair:4   | Noticed a dire elephant
 22001 | Lair:4   | Killed a dire elephant
 22797 | Lair:3   | Noticed Gastronok
 22816 | Lair:3   | Killed Gastronok
 23224 | Lair:2   | Killed voshxx's ghost
 23224 | Lair:2   | Reached XP level 15. HP: 96/119 MP: 26/28
 23374 | Lair:6   | Entered Level 6 of the Lair of Beasts
 23581 | Lair:6   | Found a burning altar of Makhleb.
 24370 | Lair:6   | Found a viscous altar of Jiyva.
 24371 | Lair:6   | Found a staircase to the Slime Pits.
 24598 | Lair:6   | Received a gift from Okawaru
 25265 | Lair:6   | Got a spiked buckler
 25266 | Lair:6   | Identified the +3 buckler of the Worm {MR+ rCorr} (You
                  | found it on level 6 of the Lair of Beasts)
 25448 | Lair:6   | Reached skill level 10 in Short Blades
 25448 | Lair:6   | Reached skill level 10 in Long Blades
 25448 | Lair:6   | Reached skill level 10 in Axes
 25448 | Lair:6   | Reached skill level 10 in Polearms
 25448 | Lair:6   | Reached skill level 10 in Staves
 25448 | Lair:6   | Reached skill level 10 in Slings
 25448 | Lair:6   | Reached skill level 10 in Bows
 25448 | Lair:6   | Reached skill level 10 in Crossbows
 25448 | Lair:6   | Reached skill level 10 in Throwing
 25448 | Lair:6   | Reached skill level 10 in Dodging
 25448 | Lair:6   | Reached skill level 10 in Stealth
 25448 | Lair:6   | Reached skill level 10 in Unarmed Combat
 25448 | Lair:6   | Reached skill level 10 in Spellcasting
 25448 | Lair:6   | Reached skill level 10 in Evocations
 25497 | Lair:6   | Found a gateway to Hell.
 25827 | Orc:1    | Entered Level 1 of the Orcish Mines
 25848 | Orc:1    | Noticed Sonja
 25857 | Orc:1    | Killed Sonja
 26016 | Orc:2    | Entered Level 2 of the Orcish Mines
 26119 | Orc:2    | Found a staircase to the Elven Halls.
 26837 | Orc:1    | Received a gift from Okawaru
 27720 | Orc:2    | Found Emubow's Food Shoppe.
 27720 | Orc:2    | Found Baefric's Armour Shop.
 27722 | Orc:2    | Found Vyipno's Gadget Boutique.
 27724 | Orc:2    | Found Hutistrem's Magic Scroll Emporium.
 27737 | Orc:2    | Bought a scroll of acquirement for 832 gold pieces
 27737 | Orc:2    | Bought a scroll of teleportation for 48 gold pieces
 27737 | Orc:2    | Bought a scroll of identify for 32 gold pieces
 27737 | Orc:2    | Bought a scroll of identify for 32 gold pieces
 27737 | Orc:2    | Bought a scroll of teleportation for 48 gold pieces
 27740 | Orc:2    | Bought a +0 pair of boots of running for 441 gold pieces
 27921 | D:14     | Killed a tengu reaver
 27921 | D:14     | Received a gift from Okawaru
 27936 | D:14     | Killed a tengu reaver
 27952 | D:14     | Killed Puash's ghost
 28291 | D:13     | Reached XP level 16. HP: 112/127 MP: 30/30
 28356 | D:14     | Killed a lich
 28463 | D:15     | Entered Level 15 of the Dungeon
 28513 | D:15     | Received a gift from Okawaru
 28548 | D:15     | Found a blossoming altar of Fedhas.
 28631 | D:15     | Found a staircase to the Depths.
 28648 | Depths:1 | Entered Level 1 of the Depths
 29152 | D:15     | Got a dazzling large shield
 29153 | D:15     | Identified the cursed -1 large shield "Pyxeetiy" {rF+ SInv}
                  | (You found it on level 15 of the Dungeon)
 29257 | D:15     | Found Dust's Armour Emporium.
 29465 | D:15     | Found a runed translucent door.
 29465 | D:15     | Noticed Bucea's ghost (adept MiBe)
 29978 | Depths:1 | Received a gift from Okawaru
 30067 | Depths:1 | HP: 1/129 [ice dragon/blast of cold (7)]
 30078 | Depths:1 | Noticed an ancient lich
 30078 | Depths:1 | Noticed a shadow dragon
 30081 | Depths:1 | Noticed a shadow dragon
 30579 | Depths:2 | HP: 4/129 [poisoned by a green very ugly thing]
 30580 | Depths:2 | Succumbed to a green very ugly thing's poison

Levels and vault maps discovered:
D:1:      dpeg_arrival_pits, layout_loops_ring
D:2:      layout_loops_ring, nicolae_tso_carved_into_rock, first_ration,
          minmay_shallow_snake_nest
D:3:      layout_rooms, tgw_xom
D:4:      layout_cave_pools, kennysheep_mini
D:5:      layout_gridville
D:6:      layout_loops_ring, minmay_temple_entry_drinking_statues, serial_shops,
          shop, uniq_menkaure
D:7:      layout_cave_pools, old_standard_altar
D:8:      layout_basic, lair_entry_dummy, grunt_ogre_cave
D:9:      layout_basic, minivault_5
D:10:     layout_loops_ring
D:11:     layout_layer_cave, orc_0_dummy, minmay_sticks_and_stones, uniq_snorg
D:12:     layout_irregular_city, gauntlet_entry_generic, st_stairs_3,
          minmay_more_statues
D:13:     kennysheep_six_static_rooms, layout_rooms, david_vaults_5,
          uniq_erolcha
D:14:     layout_basic, chequers_serial_rivers_micro_b, enter_trove_5,
          muffindrake_ghost_dual_entry
D:15:     grunt_enter_depths_giant_problem, layout_loops_ring, serial_shops,
          shop, gammafunk_ghost_grave, fedhas_altar_1, minivault_12
Temple:   compressed_dpeg_circular_temple
Lair:1:   layout_layer_cave
Lair:2:   layout_long_grid, swamp_mist, ebering_ghost_disaster_area,
          serial_bayou_shore_b, grunt_megastairs_1
Lair:3:   cheibrodos_magma_flow, layout_gridlike, uniq_gastronok
Lair:4:   beast_lair_carwin_large_3, layout_hall_layers,
          guppyfry_snake_entry_garden, chequers_serial_rivers_micro_e,
          st_stairs_9, grunt_forest_small_clearings,
          kennysheep_catoblepas_arena, lemuel_fruit_fields, uniq_kirke
Lair:5:   layout_cave_pods, ebering_ghost_rock_garden, grunt_megastairs_2
Lair:6:   evil_forest, layout_cave_pods, dpeg_slime_entry_enclosed_altar,
          chequers_serial_rivers_small_3, minmay_lair_oklob_chamber,
          serial_bayou_shore_a
Orc:1:    cheibrodos_orc_guarddog, layout_caves, uniq_sonja
Orc:2:    st_orc_rangers, layout_caves
Depths:1: layout_cave_pools, special_room [special_room_morgue],
          chequers_serial_rivers_room_b, hell_entry, rand_demon_pan_entry_7,
          wad_mini_maze
Depths:2: minmay_five_octagons, layout_cave_pools, hell_entry

Skill      XL: |  1  2  3  4  5  6  7  8  9 10 11 12 13 14 15 16 |
---------------+-------------------------------------------------+-----
Invocations    | 1 2 3 4 5 6 7 8 9 10 11 | 11.8
Short Blades   | 1 2 3 4 5 6 7 8 9 10 | 10.9
Long Blades    | 1 2 3 4 5 6 7 8 9 10 | 10.9
Axes           | 1 2 3 4 5 6 7 8 9 10 | 10.9
Polearms       | 1 2 3 4 5 6 7 8 9 10 | 10.9
Staves         | 1 2 3 4 5 6 7 8 9 10 | 10.9
Slings         | 1 2 3 4 5 6 7 8 9 10 | 10.9
Bows           | 1 2 3 4 5 6 7 8 9 10 | 10.9
Crossbows      | 1 2 3 4 5 6 7 8 9 10 | 10.9
Throwing       | 1 2 3 4 5 6 7 8 9 10 | 10.9
Dodging        | 1 2 3 4 5 6 7 8 9 10 | 10.9
Stealth        | 1 2 3 4 5 6 7 8 9 10 | 10.9
Unarmed Combat | 1 2 3 4 5 6 7 8 9 10 | 10.9
Spellcasting   | 1 2 3 4 5 6 7 8 9 10 | 10.9
Evocations     | 1 2 3 4 5 6 7 8 9 10 | 10.9
Conjurations   | 1 2 3 4 5 6 7 8 9 |  9.3
Hexes          | 1 2 3 4 5 6 7 8 9 |  9.3
Charms         | 1 2 3 4 5 6 7 8 9 |  9.3
Summonings     | 1 2 3 4 5 6 7 8 9 |  9.3
Necromancy     | 1 2 3 4 5 6 7 8 9 |  9.3
Translocations | 1 2 3 4 5 6 7 8 9 |  9.3
Transmutations | 1 2 3 4 5 6 7 8 9 |  9.3
Fire Magic     | 1 2 3 4 5 6 7 8 9 |  9.3
Ice Magic      | 1 2 3 4 5 6 7 8 9 |  9.3
Air Magic      | 1 2 3 4 5 6 7 8 9 |  9.3
Earth Magic    | 1 2 3 4 5 6 7 8 9 |  9.3
Poison Magic   | 1 2 3 4 5 6 7 8 9 |  9.3
Maces & Flails | 5 6 7 8 9 10 11 | 11.7
Fighting       | 7 8 9 10 11 12 | 12.5
Armour         | 7 8 9 10 11 12 | 12.5
Shields        | 7 8 9 10 11 12 | 12.5

Action                   |  1- 3 |  4- 6 |  7- 9 | 10-12 | 13-15 | 16-18 || total
-------------------------+-------+-------+-------+-------+-------+-------++-------
Melee: Flail             |    85 |   182 |   276 |       |       |       ||   543
       Bite              |    10 |    28 |    46 |    94 |   200 |    65 ||   443
       Mace              |       |       |     9 |   705 |  1428 |       ||  2142
       Demon whip        |       |       |       |       |    54 |   382 ||   436
       Punch             |       |       |       |       |    13 |       ||    13
 Fire: Hunting sling     |       |       |     2 |       |       |       ||     2
Throw: Javelin           |       |       |       |     1 |    36 |    18 ||    55
 Cast: Song of Slaying   |       |       |       |       |    14 |     2 ||    16
       Passwall          |       |       |       |       |     2 |     1 ||     3
Invok: Heroism           |       |       |     1 |     8 |    10 |     3 ||    22
       Finesse           |       |       |       |     2 |     3 |     3 ||     8
Evoke: Wand              |       |       |       |     6 |    12 |    12 ||    30
  Use: Scroll            |     7 |     6 |     6 |    11 |    23 |    10 ||    63
       Potion            |       |     2 |     2 |    10 |     2 |    14 ||    30
 Stab: Distracted        |       |       |       |     3 |     2 |       ||     5
       Sleeping          |       |       |       |     2 |    22 |     3 ||    27
       Paralysed         |       |       |       |       |     3 |       ||     3
  Eat: Chunk             |       |     6 |     4 |     9 |    22 |       ||    41
       Ration            |       |       |     2 |     7 |     7 |     2 ||    18
Armor: Scale mail        |    39 |    22 |       |       |       |       ||    61
       Chain mail        |       |    57 |   181 |    51 |       |       ||   289
       Steam dragon scal |       |       |       |     9 |       |       ||     9
       Ring mail         |       |       |       |    58 |       |       ||    58
       Pearl dragon scal |       |       |       |   177 |   710 |   125 ||  1012
Dodge: Dodged            |    36 |    36 |    99 |   338 |   931 |   170 ||  1610
Block: Shield            |    50 |   104 |   210 |   447 |   856 |       ||  1667
       Buckler           |       |       |       |       |    11 |   137 ||   148

Table legend:
 A = Non-vault XP
 B = Vault XP
 C = Vault XP percentage of total XP
 D = Non-vault monster count
 E = Vault monster count
 F = Vault count percentage of total count
                 A         B        C        D         E       F
            +---------+---------+-------+---------+---------+-------
      Total |   99198 |   76756 |  43.6 |     529 |     178 |  25.2
            +---------+---------+-------+---------+---------+-------
        D:1 |      31 |       0 |   0.0 |      20 |       0 |   0.0
        D:2 |      77 |      20 |  20.6 |      23 |       5 |  17.9
        D:3 |      38 |      12 |  24.0 |       7 |       5 |  41.7
        D:4 |     252 |       0 |   0.0 |      16 |       0 |   0.0
        D:5 |     259 |       0 |   0.0 |       5 |       0 |   0.0
        D:6 |     329 |     165 |  33.4 |      10 |       1 |   9.1
        D:7 |    1574 |       0 |   0.0 |      20 |       0 |   0.0
        D:8 |    3006 |     112 |   3.6 |      36 |       1 |   2.7
        D:9 |    1645 |       0 |   0.0 |      22 |       0 |   0.0
       D:10 |    2186 |       0 |   0.0 |      31 |       0 |   0.0
       D:11 |    3936 |    1628 |  29.3 |      24 |       2 |   7.7
       D:12 |    8339 |    1109 |  11.7 |      26 |       3 |  10.3
       D:13 |    9722 |    6192 |  38.9 |      40 |      14 |  25.9
       D:14 |    5858 |   12290 |  67.7 |      20 |      12 |  37.5
       D:15 |   14775 |    8654 |  36.9 |      30 |      12 |  28.6
     Lair:1 |    4641 |       0 |   0.0 |      25 |       0 |   0.0
     Lair:2 |    4018 |    1126 |  21.9 |      20 |       2 |   9.1
     Lair:3 |    3623 |    3294 |  47.6 |      15 |       8 |  34.8
     Lair:4 |    3112 |   10788 |  77.6 |      13 |      19 |  59.4
     Lair:5 |    4942 |    1138 |  18.7 |      18 |       4 |  18.2
     Lair:6 |   10427 |   10954 |  51.2 |      29 |      31 |  51.7
      Orc:1 |    4077 |    1432 |  26.0 |      52 |       5 |   8.8
      Orc:2 |     447 |    5939 |  93.0 |       9 |      35 |  79.5
   Depths:1 |    8183 |       0 |   0.0 |      13 |       0 |   0.0
   Depths:2 |    3701 |    7911 |  68.1 |       5 |       8 |  61.5
   Gauntlet |       0 |    3992 | 100.0 |       0 |      11 | 100.0
            +---------+---------+-------+---------+---------+-------
